 Dungeon Crawl Stone Soup version 0.25.1-11-g244df3a29b (webtiles) character file.

Game seed: 1885603740529140634

1597891 DeepDeath the Hoplite (level 27, 222/222 HPs)
             Began as a Gnoll Berserker on Dec 31, 2023.
             Was the Champion of the Shining One.
             Escaped with the Orb
             ... and 3 runes on Jan 1, 2024!
             The game lasted 07:38:49 (85878 turns).

DeepDeath the Hoplite (Gnoll Berserker)            Turns: 85878, Time: 07:38:49

Health: 222/222    AC: 37    Str: 25    XL:     27
Magic:  45/45      EV: 28    Int: 13    God:    the Shining One [******]
Gold:   1258       SH: 22    Dex: 18    Spells: 15/63 levels left

rFire    + + +     SeeInvis .   d - +5 eudemon blade (holy)
rCold    + + .     Gourm    .   F - +5 kite shield {reflect}
rNeg     + + +     Faith    .   K - +6 fire dragon scales
rPois    +         Spirit   .   q - +2 hood of the Assassin {Detection Stab+ Stlth++}
rElec    +         Reflect  +   u - +1 cloak of Starlight {rElec rC+ EV+4 Stlth--}
rCorr    +         Harm     .   p - +3 pair of gauntlets of War {Slay+5}
MR       +++..                  X - +2 pair of boots {Stlth+}
Stlth    ++........             M - amulet of Seponod {rElec rPois rF+ Regen+ Dex-4}
HPRegen  0.87/turn              O - ring of Hilosmu {rC+ MR+ rCorr Int+3 Stlth+}
MPRegen  0.29/turn              z - ring of Hute {+Fly rPois rC+ Dex+2 Slay+4}

@: hasted, glowing, studying 2 skills, very quick
A: distributed training, fangs 1, molten scales 1, camouflage 1, poison
resistance, weak 1, subdued magic 1, strong nose
0: Orb of Zot
}: 3/15 runes: serpentine, barnacled, silver
a: Divine Shield, Cleansing Flame, Summon Divine Warrior, Brand Weapon With Holy
Wrath, Renounce Religion, Evoke Flight


You escaped.
You worshipped the Shining One.
The Shining One was exalted by your worship.
You were full.

You visited 11 branches of the dungeon, and saw 53 of its levels.
You visited 1 bazaar.
You also visited: Trove, Sewer and Volcano.

You collected 13618 gold pieces.
You spent 12360 gold pieces at shops.

Inventory:

Hand Weapons
 a - a +5 antimagic scimitar
 d - a +5 eudemon blade of holy wrath (weapon)
 e - a +8 war axe of electrocution
 w - the +8 autumn katana {vorpal, Clar}
   (You took it off a vault warden on level 5 of the Vaults)

   It inflicts extra damage upon your enemies.
   It protects you against confusion.
Missiles
 A - 8 silver boomerangs
 N - 11 throwing nets
 S - 55 silver javelins (quivered)
 U - 8 curare-tipped darts
Armour
 p - the +3 pair of gauntlets of War (worn) {Slay+5}
   (You acquired it on level 4 of the Snake Pit)

   It affects your accuracy and damage with ranged weapons and melee attacks
   (+5).
 q - the +2 hood of the Assassin (worn) {Detection Stab+ Stlth++}
   (You bought it in a shop on level 4 of the Shoals)

   It makes you much more stealthy.
 u - the +1 cloak of Starlight (worn) {rElec rC+ EV+4 Stlth--}
   (You found it on level 5 of the Vaults)

   It affects your evasion (+4).
   It protects you from cold.
   It insulates you from electricity.
   It makes you much less stealthy.
 F - a +5 kite shield of reflection (worn)
 K - +6 fire dragon scales (worn)
 X - a +2 pair of boots of stealth (worn)
Jewellery
 m - an uncursed ring of protection from cold
 z - the ring of Hute (right hand) {+Fly rPois rC+ Dex+2 Slay+4}
   (You found it in a treasure trove)

   [ring of slaying]

   It affects your dexterity (+2).
   It affects your accuracy and damage with ranged weapons and melee attacks
   (+4).
   It protects you from cold.
   It protects you from poison.
   It lets you fly.
 M - the amulet of Seponod (around neck) {rElec rPois rF+ Regen+ Dex-4}
   (You found it in a treasure trove)

   [amulet of regeneration]

   It affects your dexterity (-4).
   It protects you from fire.
   It insulates you from electricity.
   It protects you from poison.
   It increases your rate of regeneration.
 O - the ring of Hilosmu (left hand) {rC+ MR+ rCorr Int+3 Stlth+}
   (You found it in a treasure trove)

   [ring of resist corrosion]

   It affects your intelligence (+3).
   It protects you from cold.
   It affects your resistance to hostile enchantments.
   It provides partial protection from all sources of acid and corrosion.
   It makes you more stealthy.
 Y - the amulet "Keask" {RegenMP rN+ MR+}
   (You bought it in a shop on level 1 of the Depths)

   [amulet of magic regeneration]

   It increases your magic regeneration.
   It protects you from negative energy.
   It affects your resistance to hostile enchantments.
Wands
 g - a wand of acid (16)
 t - a wand of digging (13)
 x - a wand of disintegration (64)
 B - a wand of iceblast (64)
 H - a wand of enslavement (10)
 R - a wand of paralysis (26)
Scrolls
 i - 26 scrolls of remove curse
 n - 7 scrolls of blinking
 y - 5 scrolls of fog
 D - 2 scrolls of magic mapping
 E - 3 scrolls of silence
 I - 4 scrolls of summoning
 L - a scroll of noise
 Q - 9 scrolls of identify
 W - 13 scrolls of teleportation
 Z - 4 scrolls of holy word
Potions
 b - 10 potions of heal wounds
 c - 22 potions of curing
 h - 5 potions of brilliance
 j - 6 potions of cancellation
 k - 5 potions of resistance
 l - a potion of haste
 o - 11 potions of flight
 J - 6 potions of mutation
 P - 5 potions of ambrosia
Books
 r - a manual of
Armour
 V - a manual of Shields
Miscellaneous
 v - 5 phantom mirrors
 C - a lightning rod (4/4)
 G - 7 boxes of beasts
Comestibles
 f - 41 rations


   Skills:
 + Level 19.6 Fighting
 + Level 18.8 Short Blades
 + Level 19.6 Long Blades
 + Level 18.8 Axes
 + Level 18.8 Maces & Flails
 + Level 18.8 Polearms
 + Level 18.8 Staves
 + Level 18.8 Slings
 + Level 18.8 Bows
 + Level 18.8 Crossbows
 + Level 18.8 Throwing
 + Level 21.1 Armour
 + Level 19.2 Dodging
 + Level 19.6 Stealth
 + Level 21.5 Shields
 + Level 18.8 Unarmed Combat
 + Level 18.8 Spellcasting
 + Level 16.3 Conjurations
 + Level 16.3 Hexes
 + Level 16.3 Charms
 + Level 16.3 Summonings
 + Level 16.3 Necromancy
 + Level 16.3 Translocations
 + Level 16.3 Transmutations
 + Level 16.3 Fire Magic
 + Level 16.3 Ice Magic
 + Level 16.3 Air Magic
 + Level 16.3 Earth Magic
 + Level 16.3 Poison Magic
 + Level 20.2 Invocations
 + Level 18.8 Evocations


You had 15 spell levels left.
You knew the following spells:

 Your Spells              Type           Power        Failure   Level  Hunger
a - Apportation           Tloc           #####.       0%          1    None
b - Bolt of Magma         Conj/Fire/Erth #####.....   1%          5    ####...
c - Freezing Cloud        Conj/Ice/Air   #####.....   1%          6    ######.
d - Lee's Rapid Deconstr  Erth           #####.....   1%          5    ####...
i - Iron Shot             Conj/Erth      #####.....   1%          6    ######.
k - Airstrike             Air            #####.....   1%          4    #......
l - Summon Lightning Spi  Summ/Air       #####...     1%          4    #......
n - Swiftness             Chrm/Air       #####...     0%          2    None
r - Ozocubu's Refrigerat  Ice            #####.....   1%          6    ######.
s - Silence               Hex/Air        #####.....   1%          5    ####...
t - Tukima's Dance        Hex            #####...     0%          3    None
w - Summon Butterflies    Summ           #####...     0%          1    None

Your spell library contained the following spells:

 Spells                   Type           Power        Failure   Level  Hunger
 Animate Skeleton         Necr           N/A          0%          1    None
 Beastly Appendage        Tmut           #####.       0%          1    None
 Magic Dart               Conj           ####         0%          1    None
 Pain                     Necr           ####         0%          1    None
 Shock                    Conj/Air       ####         0%          1    None
 Summon Small Mammal      Summ           ####         0%          1    None
 Blink                    Tloc           N/A          0%          2    None
 Call Imp                 Summ           #####...     0%          2    None
 Corpse Rot               Necr/Air       N/A          0%          2    None
 Passwall                 Tmut/Erth      #####...     0%          2    None
 Poisonous Vapours        Pois/Air       #####.       0%          2    None
 Searing Ray              Conj           #####.       0%          2    None
 Slow                     Hex            #####...     0%          2    None
 Sticks to Snakes         Tmut           #####...     0%          2    None
 Sublimation of Blood     Necr           #####.....   0%          2    None
 Call Canine Familiar     Summ           #####...     0%          3    None
 Conjure Flame            Conj/Fire      #####...     0%          3    None
 Dazzling Flash           Conj/Hex       #####.       0%          3    None
 Lesser Beckoning         Tloc           #####.....   0%          3    None
 Mephitic Cloud           Conj/Pois/Air  #####...     0%          3    None
 Spider Form              Tmut/Pois      #####.....   0%          3    None
 Static Discharge         Conj/Air       #####...     0%          3    None
 Stone Arrow              Conj/Erth      #####.       0%          3    None
 Summon Guardian Golem    Hex/Summ       #####...     0%          3    None
 Vampiric Draining        Necr           #####.....   0%          3    None
 Animate Dead             Necr           N/A          1%          4    #......
 Fulminant Prism          Conj/Hex       #####.....   1%          4    #......
 Ice Form                 Ice/Tmut       #####...     1%          4    #......
 Iskenderun's Mystic Bla  Conj/Tloc      #####...     1%          4    #......
 Leda's Liquefaction      Hex/Erth       #####.....   1%          4    #......
 Summon Ice Beast         Ice/Summ       #####...     1%          4    #......
 Agony                    Necr           #####...     1%          5    ####...
 Alistair's Intoxication  Tmut/Pois      #####...     1%          5    ####...
 Blade Hands              Tmut           #####.....   1%          5    ####...
 Borgnjor's Vile Clutch   Necr/Erth      #####.....   1%          5    ####...
 Lightning Bolt           Conj/Air       #####.....   1%          5    ####...
 Metabolic Englaciation   Hex/Ice        #####.....   1%          5    ####...
 Summon Forest            Summ/Tloc      #####.....   1%          5    ####...
 Conjure Ball Lightning   Conj/Air       #####.....   1%          6    ######.
 Darkness                 Hex            #####.....   1%          6    ######.
 Eringya's Noxious Bog    Tmut/Pois      #####.....   1%          6    ######.
 Hydra Form               Tmut           #####.....   1%          6    ######.
 Invisibility             Hex            #####...     1%          6    ######.
 Simulacrum               Ice/Necr       #####.....   1%          6    ######.
 Statue Form              Tmut/Erth      #####....    1%          6    ######.
 Ring of Flames           Chrm/Fire      #####.....   7%          7    #######
 Summon Hydra             Summ           #####.....   7%          7    #######
 Necromutation            Tmut/Necr      #####.....   50%         8    #######
 Shatter                  Erth           #####.....   100%        9    #######
 Tornado                  Air            #####.....   100%        9    #######
 Passage of Golubria      Tloc           Unusable     N/A         4    N/A

Dungeon Overview and Level Annotations

Branches:
Dungeon (15/15)            Temple (1/1) D:5            Lair (6/6) D:11
 Shoals (4/4) Lair:4        Snake (4/4) Lair:2        Slime (0/5) Lair:6
    Orc (2/2) D:12            Elf (3/3) Orc:2        Vaults (5/5) D:14
  Crypt (3/3) Vaults:3       Tomb (0/3) Crypt:3      Depths (5/5) D:15
    Zot (5/5) Depths:5      Sewer (visited)         Volcano (visited)

Altars:
Ashenzari
Cheibriados
Dithmenos
Elyvilon
Fedhas
Gozag
Hepliaklqana
Kikubaaqudgha
Makhleb
Nemelex Xobeh
Okawaru
Qazlal
Ru
Sif Muna
Trog
Uskayaw
Vehumet
Wu Jian
Xom
Yredelemnul
Zin
The Shining One
Jiyva

Shops:
D:4 }   D:8 !   D:11 :   D:12 =   D:13 *   D:14 (   Orc:2 (!:!   Elf:3 *
Shoals:4 [   Snake:2 %   Vaults:3 *   Vaults:5 !   Depths:1 }==   Depths:5 [

Portals:
Hell: Depths:1 Depths:2 Depths:3 Depths:4 Depths:5
Abyss: Depths:4
Pandemonium: Orc:2 Depths:2 Depths:3
Ziggurat: Depths:2

Annotations:
Zot:1 exclusion: 4 doors


Innate Abilities, Weirdness & Mutations

Your experience applies equally to all skills.
You have very sharp teeth.
Your uncanny sense of smell can sniff out nearby items.
You are partially covered in molten scales. (AC +2)
Your skin changes colour to match your surroundings (Stealth+).
Your system is resistant to poisons. (rPois)
You are weak. (Str -2)
Your spells are a little easier to cast, but a little less powerful.


Message History

Magic restored.
A mysterious force pulls you upwards. The hatch slams shut behind you.
Unknown command.
There is a stone staircase leading up here.
You climb upwards.
There is a stone staircase leading down here.
You feel yourself speed up.
Unknown command.
A Brimstone Fiend comes into view.
The Brimstone Fiend moves out of view.
(D) Dungeon (T) Temple (L) Lair (A) Shoals (P) Snake Pit (M) Slime Pits (O) Orcish Mines (E) Elven Halls (V) Vaults (C) Crypt (W) Tomb (U) Depths (H) Hell (Z) Zot
Where to? (* - list waypoints, Enter - D:1 @ (x,y), ? - help)
Your divine shield fades away.
You enter the shallow water.
Moving in this stuff is going to be slow.
There is a staircase leading out of the dungeon here.
You have escaped!

.....[#####.....#.......####.....
.......## ###..##..####...##.....
.#####..# ##.#.#.#.## ##.........
..####..# #.#.#.#.#.#####.....##.
....###.####.#.#.#.#........#....
###.....##..#.#.#.#.#####.#.##...
######.....#.≈≈≈≈≈.##.....#......
.### #......#≈...≈#......###..##.
...###.#.###.≈..@≈.#.....###.....
.......#.##.#≈...≈#..............
...........#.≈≈≈≈≈.#.......)..###
............#.#.#.#......###.## #
##########.#.#.#.#.##.....##.# #
....# #..#.#.#.#.#........# #
....# #.#.#.#.#.##....##..# #
....# #...............##..# #
....# #.......##.......##.####


There were no monsters in sight!

Vanquished Creatures
  A seraph (Depths:2)
  Khufu (Crypt:1)
  5 orbs of fire
  5 ancient liches
  Mara (Depths:4)
  Mennas (Vaults:3)
  A greater mummy (Crypt:1)
  A shard shrike (Zot:5)
  5 Killer Klowns (Zot:5)
  A caustic shrike (Depths:4)
  Margery (Crypt:1)
  Frederick (Depths:3)
  Saint Roka (Crypt:2)
  A curse toe (Zot:5)
  A pandemonium lord (D:4)
  The ghost of yalue the Executioner, an adept MiFi of the Shining One (Crypt:3)
  8 golden dragons
  Jory (Crypt:3)
  Nikola (Vaults:3)
  5 electric golems
  17 tentacled monstrosities
  An Ice Fiend (Zot:1)
  4 liches
  25 Orb Guardians (Zot:5)
  Asterion (Snake:3)
  A deep elf blademaster (Elf:3)
  A shard shrike skeleton (Crypt:2)
  4 titans
  4 deep elf master archers (Elf:3)
  8 quicksilver dragons
  7 death cobs
  Polyphemus (Shoals:3)
  A kraken (Shoals:1)
  2 sphinxes
  10 shadow dragons
  10 storm dragons
  10 nagarajas
  Donald (Crypt:2)
  15 draconian monks
  A daeva (Depths:2)
  3 tengu reavers
  4 fire giants
  2 revenants
  The ghost of DeepDeath the Bludgeoner, an adept GrAK of Lugonu (D:15)
  Ilsuiw (Shoals:3)
  6 draconian scorchers
  5 frost giants
  16 deep elf sorcerers
  5 draconian knights
  Aizul (Vaults:3)
  Louise (Shoals:4)
  4 ghost moths
  2 orc warlords (Depths:3)
  4 draconian shifters
  3 iron dragons
  A balrug (D:4)
  22 vault wardens
  6 curse skulls
  A large abomination (Vaults:5)
  2 angels (Depths:2)
  3 draconian stormcallers
  12 ironheart preservers
  9 very ugly things
  4 spriggan defenders
  A draconian annihilator (Depths:3)
  12 green draconians
  7 deep elf elementalists
  5 ghouls
  An entropy weaver (Vaults:4)
  34 stone giants
  6 deep elf demonologists
  13 black draconians
  5 purple draconians
  15 vampire knights
  7 yellow draconians
  14 white draconians
  17 deep elf annihilators
  18 red draconians
  7 deep elf death magi
  7 spark wasps
  8 eidola
  Snorg (D:12)
  7 statues (Depths:3)
  A green death (Depths:1)
  10 ettins
  22 jiangshi
  7 merfolk javelineers
  5 deep elf high priests
  Josephine (Shoals:1)
  8 rakshasas
  8 merfolk impalers
  6 great orbs of eyes
  19 fire dragons
  Harold (D:10)
  19 ice dragons
  16 naga warriors
  10 hydras
  12 yaktaur captains
  A quicksilver dragon skeleton (Crypt:3)
  11 centaur warriors
  33 vault guards
  6 anacondas
  9 spriggan air magi
  2 merfolk avatars
  5 death knights
  An anaconda (shapeshifter) (Vaults:3)
  4 merfolk aquamancers
  3 catoblepae
  2 death yaks (Shoals:2)
  The ghost of Inid the Geomancer, a journeyman GrEE of Gozag (D:10)
  41 two-headed ogres
  8 deep troll shamans
  16 ogre magi
  7 tengu warriors
  3 satyrs
  7 deep troll earth magi
  16 naga sharpshooters
  32 dancing weapons
  11 hell knights
  3 spriggan berserkers
  12 orc high priests
  3 small abominations
  A titan zombie (Crypt:3)
  14 vampire magi
  4 shock serpents
  Urug (D:10)
  2 fire crabs (shapeshifter)
  3 soul eaters
  25 deep elf knights
  A titan skeleton (Crypt:1)
  2 storm dragon zombies (Crypt:3)
  A sun demon (Orc:2)
  A storm dragon skeleton (Crypt:3)
  Nergalle (D:10)
  A sixfirhy (Depths:1)
  3 golden dragon zombies (Crypt:3)
  2 salamander mystics
  5 skeletal warriors
  2 iron trolls
  5 shadow wraiths
  9 wizards
  2 spark wasp zombies (Depths:4)
  3 unseen horrors
  3 gelid demonspawn (Orc:2)
  5 naga ritualists
  An infernal demonspawn (Orc:2)
  35 deep trolls
  7 flayed ghosts
  19 sea snakes
  A ghost moth zombie (Crypt:2)
  A golden dragon skeleton (Crypt:2)
  16 deep elf archers
  7 glowing orange brains
  7 necromancers
  15 phantasmal warriors
  A tengu zombie (Vaults:4)
  An obsidian statue (Zot:5)
  13 ironbrand convokers
  15 orc knights
  A shadow dragon zombie (Crypt:2)
  2 lindwurms (Lair:6)
  10 mana vipers
  5 wolf spiders
  A swamp dragon (shapeshifter) (Depths:4)
  27 harpies
  16 ugly things
  An iron dragon zombie (Crypt:3)
  A manticore (shapeshifter) (Depths:4)
  11 orc sorcerers
  13 salamanders
  15 manticores
  51 deep elf magi
  3 frost giant zombies
  An oklob plant (Shoals:1)
  3 salamanders (shapeshifter)
  A stone giant zombie (Crypt:3)
  13 elephants
  13 fauns
  26 moths of wrath
  A water nymph (shapeshifter) (Depths:4)
  30 cyclopes
  2 iron dragon skeletons (Crypt:1)
  28 black mambas
  14 merfolk sirens
  A shock serpent zombie (Crypt:3)
  Maurice (D:11)
  A stone giant skeleton (Vaults:4)
  16 naga magi
  4 water nymphs
  2 molten gargoyles (Volcano)
  16 spiny frogs
  3 guardian serpents
  A dire elephant skeleton (Crypt:2)
  18 vault sentinels
  5 torpor snails (Lair:6)
  3 gargoyles
  2 efreet
  A hellion (D:14)
  4 komodo dragons
  A human zombie (Vaults:4)
  8 freezing wraiths
  A white draconian zombie (Crypt:1)
  A black draconian skeleton (Crypt:3)
  A hellwing (Orc:2)
  A swamp worm zombie (Crypt:1)
  7 rime drakes
  A tengu conjurer (Depths:2)
  2 ice devils (Orc:2)
  69 yaktaurs
  A white draconian skeleton (Crypt:3)
  A tormentor (D:10)
  A red devil (Depths:5)
  A yaktaur skeleton (Vaults:3)
  A death drake zombie (Crypt:2)
  2 jumping spiders (shapeshifter)
  29 merfolk
  11 polar bears
  8 trolls
  A wind drake (shapeshifter) (Depths:4)
  A polar bear (shapeshifter) (Vaults:2)
  3 tyrant leeches (Lair:6)
  5 wind drakes
  16 slime creatures
  2 bog bodies (Crypt:2)
  13 dream sheep
  A hydra skeleton (Crypt:3)
  A raiju (shapeshifter) (Elf:3)
  13 blink frogs
  A fire dragon zombie (Crypt:3)
  8 snapping turtles
  25 hornets
  15 hippogriffs
  2 fire giant simulacra
  2 human simulacra
  A hippogriff (shapeshifter) (Vaults:5)
  2 ettin zombies
  A centaur simulacrum (D:15)
  6 spriggans
  An air elemental (Elf:3)
  11 water elementals
  6 shadows
  20 yaks
  2 yaks (shapeshifter)
  A ynoxinul (D:13)
  4 redbacks (Lair:6)
  24 vampires
  15 wyverns
  11 wraiths
  A basilisk (shapeshifter) (Vaults:1)
  A neqoxec (Orc:2)
  27 fire elementals
  A human (shapeshifter) (Vaults:2)
  2 golden eyes (shapeshifter)
  A basilisk (Lair:6)
  3 hungry ghosts
  Grum (D:9)
  Menkaure (D:5)
  4 vampire mosquitoes
  53 nagas
  10 wargs
  A yaktaur simulacrum (Vaults:3)
  A soldier ant (shapeshifter) (Vaults:5)
  26 water moccasins
  2 spiny frog zombies (Crypt:3)
  5 acid dragons
  8 porcupines
  Duvessa (D:5)
  13 black bears
  An eye of draining (shapeshifter) (Vaults:5)
  A black bear (shapeshifter) (Depths:1)
  A hornet zombie (D:9)
  4 ice beasts
  7 sky beasts
  An ice beast (shapeshifter) (Vaults:4)
  37 orc warriors
  3 eyes of draining
  64 ogres
  5 boggarts
  3 phantoms
  10 centaurs
  3 necrophages
  9 wolves
  A swamp dragon skeleton (Crypt:2)
  13 crocodiles
  5 big kobolds
  A hippogriff zombie (Crypt:3)
  A komodo dragon zombie (Crypt:3)
  2 draconian zombies (Crypt:1)
  A salamander skeleton (Crypt:3)
  A draconian skeleton (Crypt:3)
  3 earth elementals
  A wyvern zombie (D:7)
  16 bullfrogs
  Dowan (D:5)
  3 scorpions
  A raiju zombie (Crypt:2)
  35 killer bees
  A raiju skeleton (Crypt:1)
  4 wights
  9 howler monkeys
  2 electric eels
  A troll skeleton (Crypt:2)
  9 crimson imps
  3 lava snakes (Volcano)
  4 quasits
  8 centaur zombies
  2 bullfrog zombies
  4 centaur skeletons
  6 jellies
  31 orc priests
  A gnoll shaman (D:6)
  13 hounds
  17 orc wizards
  6 bullfrog skeletons
  12 worker ants
  3 iguanas
  A tengu skeleton (Crypt:2)
  2 mummies (Crypt:1)
  2 worker ant zombies
  A howler monkey zombie (D:7)
  16 gnolls
  A howler monkey skeleton (D:8)
  15 adders
  3 river rats
  7 shadow imps
  2 oozes
  2 adder skeletons
  A worm (shapeshifter) (Vaults:1)
  6 worms
  A dart slug (D:2)
  9 leopard geckos
  109 orcs
  8 ball pythons
  6 giant cockroaches
  6 goblins
  11 hobgoblins
  20 jackals
  27 kobolds
  7 quokkas
  A ball python skeleton (Crypt:3)
  6 bats
  5 frilled lizards
  A jackal skeleton (D:5)
  A kobold zombie (Crypt:2)
  A leopard gecko zombie (D:7)
  A quokka skeleton (D:8)
  A quokka zombie (Crypt:2)
  11 rats
  5 crawling corpses
  4 fire vortices (Depths:3)
  7 plants
  2 tentacles (Shoals:1)
2656 creatures vanquished.

Vanquished Creatures (collateral kills)
  2 titans (Vaults:5)
  A sphinx (Vaults:5)
  An iron dragon (Vaults:5)
  An ironheart preserver (Vaults:5)
  A deep elf annihilator (Vaults:5)
  2 vault guards (Vaults:5)
  A yaktaur captain (Vaults:5)
  A two-headed ogre (Vaults:5)
  A merfolk avatar (Shoals:4)
  2 sun demons (D:4)
  A deep elf knight (Vaults:5)
  An ironbrand convoker (Vaults:5)
  2 deep elf magi (Vaults:5)
  A vault sentinel (Vaults:5)
  A smoke demon (D:14)
  A hellwing (D:14)
  2 ogres (Vaults:5)
  A centaur (Shoals:4)
  An orc wizard (Vaults:5)
24 creatures vanquished.

Vanquished Creatures (others)
  An ironheart preserver (Vaults:5)
  An entropy weaver (Depths:4)
  A deep elf knight (Vaults:4)
  A red devil (D:4)
  A hippogriff (D:7)
  A naga (Snake:4)
  2 wargs
  A boggart (Depths:4)
  A centaur skeleton (D:7)
  A howler monkey skeleton (D:7)
  An adder skeleton (D:7)
  An orc (Vaults:5)
  3 jackals (D:7)
  22 fungi
  72 plants
  6 tentacles (Shoals:1)
116 creatures vanquished.

Grand Total: 2796 creatures vanquished

Notes
Turn   | Place    | Note
-------+----------+-------------------------------------------
     0 | D:1      | DeepDeath the Gnoll Berserker began the quest for the Orb.
     0 | D:1      | Reached XP level 1. HP: 23/23 MP: 1/1
   110 | D:1      | Reached XP level 2. HP: 28/29 MP: 2/2
   443 | D:1      | Reached XP level 3. HP: 33/35 MP: 3/3
   784 | D:2      | Reached ** piety under Trog
   809 | D:2      | Noticed an ogre
   828 | D:2      | Killed an ogre
   828 | D:2      | Reached skill level 1 in Short Blades
   828 | D:2      | Reached skill level 1 in Axes
   828 | D:2      | Reached skill level 1 in Maces & Flails
   828 | D:2      | Reached skill level 1 in Polearms
   828 | D:2      | Reached skill level 1 in Staves
   828 | D:2      | Reached skill level 1 in Slings
   828 | D:2      | Reached skill level 1 in Bows
   828 | D:2      | Reached skill level 1 in Crossbows
   828 | D:2      | Reached skill level 1 in Throwing
   828 | D:2      | Reached skill level 1 in Stealth
   828 | D:2      | Reached skill level 1 in Shields
   828 | D:2      | Reached skill level 1 in Unarmed Combat
   828 | D:2      | Reached skill level 1 in Spellcasting
   828 | D:2      | Reached skill level 1 in Conjurations
   828 | D:2      | Reached skill level 1 in Hexes
   828 | D:2      | Reached skill level 1 in Charms
   828 | D:2      | Reached skill level 1 in Summonings
   828 | D:2      | Reached skill level 1 in Necromancy
   828 | D:2      | Reached skill level 1 in Translocations
   828 | D:2      | Reached skill level 1 in Transmutations
   828 | D:2      | Reached skill level 1 in Fire Magic
   828 | D:2      | Reached skill level 1 in Ice Magic
   828 | D:2      | Reached skill level 1 in Air Magic
   828 | D:2      | Reached skill level 1 in Earth Magic
   828 | D:2      | Reached skill level 1 in Poison Magic
   828 | D:2      | Reached skill level 1 in Invocations
   828 | D:2      | Reached skill level 1 in Evocations
   828 | D:2      | Reached XP level 4. HP: 38/41 MP: 5/5
   828 | D:2      | Reached XP level 5. HP: 43/47 MP: 6/6
  1113 | D:2      | Found a shimmering blue altar of Sif Muna.
  1620 | D:4      | Noticed a phantom
  1635 | D:3      | Reached XP level 6. HP: 53/53 MP: 8/8
  1865 | D:4      | Killed a phantom
  1865 | D:4      | Reached skill level 5 in Armour
  1865 | D:4      | Reached skill level 5 in Dodging
  1880 | D:4      | Noticed a phantom
  1909 | D:4      | Killed a phantom
  1909 | D:4      | Reached XP level 7. HP: 57/59 MP: 10/10
  1968 | D:4      | Found a hazy altar of Hepliaklqana.
  1968 | D:4      | Found a basalt altar of Yredelemnul.
  1973 | D:4      | Found an ornate altar of the Wu Jian Council.
  1980 | D:4      | Found a faded altar of an unknown god.
  1982 | D:4      | Found a faded altar of an unknown god.
  2172 | D:4      | Found Xoiky's Gadget Emporium.
  2287 | D:5      | Entered Level 5 of the Dungeon
  2340 | D:5      | Found a white marble altar of Elyvilon.
  2397 | D:5      | Found a blossoming altar of Fedhas.
  2474 | D:5      | Noticed Menkaure
  2479 | D:5      | Killed Menkaure
  2506 | D:5      | Reached *** piety under Trog
  2506 | D:5      | Reached XP level 8. HP: 67/67 MP: 12/12
  2535 | D:5      | Found a glowing drain.
  2553 | Sewer    | Entered a sewer
  3034 | D:5      | Noticed Dowan
  3301 | D:5      | Found a staircase to the Ecumenical Temple.
  3940 | D:6      | Reached XP level 9. HP: 72/72 MP: 14/14
  3993 | D:6      | Reached **** piety under Trog
  4039 | D:6      | Identified the +6 short sword "Qeemea" {holy, MP+9 Int+2}
  5078 | D:7      | Reached skill level 5 in Invocations
  5093 | D:7      | Found a shimmering altar of Xom.
  5408 | D:7      | Reached XP level 10. HP: 80/80 MP: 17/17
  5738 | D:8      | Found Towehile's Distillery.
  5738 | D:8      | Noticed a two-headed ogre
  5820 | D:7      | Reached ***** piety under Trog
  5871 | D:8      | Reached skill level 5 in Short Blades
  5871 | D:8      | Reached skill level 5 in Axes
  5871 | D:8      | Reached skill level 5 in Maces & Flails
  5871 | D:8      | Reached skill level 5 in Polearms
  5871 | D:8      | Reached skill level 5 in Staves
  5871 | D:8      | Reached skill level 5 in Slings
  5871 | D:8      | Reached skill level 5 in Bows
  5871 | D:8      | Reached skill level 5 in Crossbows
  5871 | D:8      | Reached skill level 5 in Throwing
  5871 | D:8      | Reached skill level 5 in Stealth
  5871 | D:8      | Reached skill level 5 in Shields
  5871 | D:8      | Reached skill level 5 in Unarmed Combat
  5871 | D:8      | Reached skill level 5 in Spellcasting
  5871 | D:8      | Reached skill level 5 in Evocations
  6057 | D:8      | Killed a two-headed ogre
  6113 | D:8      | Bought a potion of heal wounds for 70 gold pieces
  6113 | D:8      | Bought a potion of heal wounds for 70 gold pieces
  6113 | D:8      | Bought a potion of berserk rage for 70 gold pieces
  6113 | D:8      | Bought a potion of haste for 140 gold pieces
  6402 | D:8      | Paralysed by a hornet for 2 turns
  6452 | D:8      | Paralysed by a hornet for 3 turns
  7048 | D:9      | Reached XP level 11. HP: 87/87 MP: 19/19
  7442 | D:9      | Noticed Grum
  7455 | D:9      | Killed Grum
  7756 | D:9      | Identified a scroll of acquirement
  7756 | D:9      | Acquired the ring "Godwug" {rPois EV+4 Int+2}
  7887 | D:5      | Killed Dowan
  7899 | D:5      | Noticed Duvessa
  7908 | D:5      | Killed Duvessa
  8040 | D:10     | Entered Level 10 of the Dungeon
  8196 | D:10     | Noticed a moth of wrath
  8216 | D:10     | Found a transporter.
  8217 | D:10     | Noticed Urug
  8238 | D:10     | Reached skill level 5 in Conjurations
  8238 | D:10     | Reached skill level 5 in Hexes
  8238 | D:10     | Reached skill level 5 in Charms
  8238 | D:10     | Reached skill level 5 in Summonings
  8238 | D:10     | Reached skill level 5 in Necromancy
  8238 | D:10     | Reached skill level 5 in Translocations
  8238 | D:10     | Reached skill level 5 in Transmutations
  8238 | D:10     | Reached skill level 5 in Fire Magic
  8238 | D:10     | Reached skill level 5 in Ice Magic
  8238 | D:10     | Reached skill level 5 in Air Magic
  8238 | D:10     | Reached skill level 5 in Earth Magic
  8238 | D:10     | Reached skill level 5 in Poison Magic
  8251 | D:10     | Killed Urug
  8312 | D:10     | Noticed Inid's ghost (journeyman GrEE)
  8374 | D:10     | Noticed Nergalle
  8392 | D:10     | Killed Nergalle
  8455 | D:10     | Found a transporter.
  8455 | D:10     | Noticed a fire dragon
  8510 | D:10     | Noticed Harold
  8533 | D:10     | Killed Harold
  9392 | D:11     | Noticed a manticore
  9407 | D:11     | Killed a manticore
  9536 | D:11     | Noticed a two-headed ogre
  9549 | D:10     | Killed a two-headed ogre
  9822 | D:11     | Reached XP level 12. HP: 64/96 MP: 22/22
  9830 | D:11     | Found a staircase to the Lair.
  9838 | D:11     | Found a blossoming altar of Fedhas.
 10314 | D:11     | Noticed Maurice
 10327 | D:11     | Killed Maurice
 10419 | D:11     | Found Zozas's Book Shop.
 10576 | Lair:1   | Entered Level 1 of the Lair of Beasts
 10580 | Lair:1   | Received a gift from Trog
 10864 | Lair:1   | Noticed an eight-headed hydra
 10864 | Lair:1   | Noticed a four-headed hydra
 11066 | Lair:2   | Found a staircase to the Snake Pit.
 11350 | Lair:2   | Noticed a catoblepas
 11574 | Lair:1   | Killed an eight-headed hydra
 11579 | Lair:1   | Killed a four-headed hydra
 11739 | Lair:2   | Killed a catoblepas
 11739 | Lair:2   | Reached skill level 10 in Fighting
 11739 | Lair:2   | Reached skill level 10 in Long Blades
 12323 | D:4      | Bought a wand of disintegration (10) for 168 gold pieces
 12527 | Lair:3   | Noticed a six-headed hydra
 12537 | Lair:3   | Killed a six-headed hydra
 12771 | Lair:3   | Reached XP level 13. HP: 103/103 MP: 24/24
 12874 | Lair:3   | Found a dark tunnel.
 12898 | Volcano  | Entered a volcano
 13058 | Volcano  | Found a radiant altar of Vehumet.
 13311 | Volcano  | Got a masterwork flail
 13336 | Volcano  | Identified the +3 flail "Ankehor" {vorpal, rPois rF+} (You
                  | found it in a volcano)
 14725 | Lair:4   | Found a staircase to the Shoals.
 16304 | D:12     | Reached XP level 14. HP: 79/111 MP: 26/26
 16335 | D:12     | Received a gift from Trog
 16393 | D:12     | Found Juotruf's Jewellery Emporium.
 16458 | D:12     | Noticed Snorg
 16473 | D:12     | Killed Snorg
 16985 | D:12     | Found a staircase to the Orcish Mines.
 17023 | Orc:1    | Entered Level 1 of the Orcish Mines
 17032 | Orc:1    | Reached skill level 10 in Armour
 17032 | Orc:1    | Reached skill level 10 in Dodging
 17424 | Orc:2    | Entered Level 2 of the Orcish Mines
 17490 | Orc:2    | Found a staircase to the Elven Halls.
 17961 | Orc:2    | Found Pouziv's Distillery.
 18487 | Orc:2    | Found Hetzuop's Distillery.
 18694 | Orc:2    | Bought a potion of invisibility for 88 gold pieces
 18696 | Orc:2    | Bought a potion of degeneration for 17 gold pieces
 18727 | Orc:2    | Received a gift from Trog
 19125 | Orc:2    | Reached skill level 10 in Invocations
 20046 | Orc:2    | Found Ogay's Antique Weapon Emporium.
 20046 | Orc:2    | Found Xulaelass's Book Shoppe.
 20046 | Orc:2    | Found a one-way gate leading to the halls of Pandemonium.
 20048 | Orc:2    | Bought a runed scimitar for 273 gold pieces
 20161 | Orc:2    | Bought 2 potions of resistance for 340 gold pieces
 20161 | Orc:2    | Bought a potion of might for 68 gold pieces
 20390 | Lair:6   | Entered Level 6 of the Lair of Beasts
 20390 | Lair:6   | Found a staircase to the Slime Pits.
 20390 | Lair:6   | Found a viscous altar of Jiyva.
 20545 | Lair:6   | Reached XP level 15. HP: 89/119 MP: 28/28
 20699 | Lair:6   | Found a runed translucent door.
 20832 | Lair:6   | Got a bound silver ring
 20833 | Lair:6   | Identified the ring "Wuke" {*Tele rPois Int+2 Dex-3 SInv}
                  | (You found it on level 6 of the Lair of Beasts)
 21531 | Lair:6   | Got an ivory trident
 21532 | Lair:6   | Identified the +6 trident "Cookie Cutter" {chaos, rF- Dex+8
                  | SInv} (You found it on level 6 of the Lair of Beasts)
 21704 | Lair:6   | Reached skill level 10 in Short Blades
 21704 | Lair:6   | Reached skill level 10 in Axes
 21704 | Lair:6   | Reached skill level 10 in Maces & Flails
 21704 | Lair:6   | Reached skill level 10 in Polearms
 21704 | Lair:6   | Reached skill level 10 in Staves
 21704 | Lair:6   | Reached skill level 10 in Slings
 21704 | Lair:6   | Reached skill level 10 in Bows
 21704 | Lair:6   | Reached skill level 10 in Crossbows
 21704 | Lair:6   | Reached skill level 10 in Throwing
 21704 | Lair:6   | Reached skill level 10 in Stealth
 21704 | Lair:6   | Reached skill level 10 in Shields
 21704 | Lair:6   | Reached skill level 10 in Unarmed Combat
 21704 | Lair:6   | Reached skill level 10 in Spellcasting
 21704 | Lair:6   | Reached skill level 10 in Evocations
 21789 | Lair:6   | Received a gift from Trog
 22698 | D:10     | Killed Inid's ghost
 22717 | D:10     | Got a smoking lapis lazuli ring
 22751 | D:10     | Identified the ring "Wosonn" {rF- MR+ rCorr Int+3} (You
                  | found it on level 10 of the Dungeon)
 22961 | D:13     | Identified the +9 battleaxe of Nipp {vorpal, +Blink +Inv
                  | Dex+3 SInv}
 23000 | D:13     | Found Miaxzic's Assorted Antiques.
 23041 | D:13     | Bought a bound ivory ring for 140 gold pieces
 23041 | D:13     | Bought a scroll labeled TOCZACUYGE for 28 gold pieces
 23041 | D:13     | Bought a scroll of identify for 56 gold pieces
 23044 | D:13     | Identified the ring "Vicefa" {*Tele rElec rC+ rN+ Dex-5}
                  | (You bought it in a shop on level 13 of the Dungeon)
 23663 | D:14     | Reached XP level 16. HP: 123/127 MP: 30/30
 23701 | D:14     | Received a gift from Trog
 23882 | D:14     | Found Faloom's Antique Weapon Emporium.
 23911 | D:14     | Bought a glowing scimitar for 224 gold pieces
 24097 | D:14     | Found a gate to the Vaults.
 24179 | D:14     | Found a portal to a secret trove of treasure.
 24479 | D:15     | Entered Level 15 of the Dungeon
 24559 | D:15     | Found a staircase to the Depths.
 24923 | D:15     | Found a runed translucent door.
 24923 | D:15     | Found a shimmering altar of Xom.
 24923 | D:15     | Noticed DeepDeath's ghost (adept GrAK)
 25828 | D:14     | Bought a dazzling morningstar for 288 gold pieces
 25829 | D:14     | Identified the cursed +1 morningstar "Fuisoety" {protect,
                  | +Blink rPois rF-} (You bought it in a shop on level 14 of
                  | the Dungeon)
 26015 | Shoals:1 | Entered Level 1 of the Shoals
 26552 | Shoals:1 | Found a shadowy altar of Dithmenos.
 26817 | Shoals:1 | Noticed Josephine
 26825 | Shoals:1 | Killed Josephine
 27030 | Shoals:1 | Noticed a kraken
 27063 | Shoals:1 | Killed a kraken
 27458 | Shoals:2 | Received a gift from Trog
 28092 | Shoals:2 | Reached XP level 17. HP: 82/135 MP: 32/32
 29217 | Snake:1  | Entered Level 1 of the Snake Pit
 31298 | Snake:2  | Found Fatethyn's Food Boutique.
 31299 | Snake:2  | Identified the +10 scimitar "Somedgh" {vorpal, Str+2} (You
                  | found it on level 2 of the Snake Pit)
 31617 | Snake:2  | Received a gift from Trog
 31622 | Snake:2  | Identified the +11 rapier "Ashim" {drain, Fragile +Fly
                  | Dex+3}
 32224 | Snake:3  | Noticed Asterion
 32248 | Snake:3  | Killed Asterion
 32497 | Snake:3  | Reached skill level 10 in Conjurations
 32497 | Snake:3  | Reached skill level 10 in Hexes
 32497 | Snake:3  | Reached skill level 10 in Charms
 32497 | Snake:3  | Reached skill level 10 in Summonings
 32497 | Snake:3  | Reached skill level 10 in Necromancy
 32497 | Snake:3  | Reached skill level 10 in Translocations
 32497 | Snake:3  | Reached skill level 10 in Transmutations
 32497 | Snake:3  | Reached skill level 10 in Fire Magic
 32497 | Snake:3  | Reached skill level 10 in Ice Magic
 32497 | Snake:3  | Reached skill level 10 in Air Magic
 32497 | Snake:3  | Reached skill level 10 in Earth Magic
 32497 | Snake:3  | Reached skill level 10 in Poison Magic
 32547 | Snake:3  | Reached XP level 18. HP: 55/143 MP: 33/33
 33971 | Snake:4  | Entered Level 4 of the Snake Pit
 34318 | Snake:4  | Received a gift from Trog
 34324 | Snake:4  | Acquired the +3 pair of gauntlets of War {Slay+5}
 34325 | Snake:4  | Found the +3 pair of gauntlets of War {Slay+5}
 35857 | Snake:4  | Got a serpentine rune of Zot
 36167 | Orc:2    | Bought a manual of Shields for 1545 gold pieces
 36487 | Shoals:3 | Noticed Polyphemus
 36592 | Shoals:3 | Noticed Ilsuiw
 36594 | Shoals:3 | Received a gift from Trog
 36622 | Shoals:3 | Killed Ilsuiw
 36984 | Shoals:3 | Killed Polyphemus
 36984 | Shoals:3 | Reached XP level 19. HP: 135/151 MP: 35/35
 37722 | Shoals:4 | Entered Level 4 of the Shoals
 37809 | Shoals:4 | Found Mur Siut's Antique Armour Emporium.
 37839 | Shoals:4 | Noticed Louise
 37847 | Shoals:4 | Killed Louise
 37928 | Shoals:4 | Received a gift from Trog
 37973 | Shoals:4 | Got a barnacled rune of Zot
 40099 | Vaults:1 | Entered Level 1 of the Vaults
 40134 | Vaults:1 | Received a gift from Trog
 41143 | Vaults:1 | Received a gift from Trog
 41155 | Vaults:1 | Identified the +7 battleaxe of Trog's Indignation {flame,
                  | +Rage +Inv rPois Dex-3 Stlth+} (Trog gifted it to you on
                  | level 1 of the Vaults)
 41606 | Vaults:1 | Reached XP level 20. HP: 127/159 MP: 36/36
 42832 | Vaults:2 | Found a flickering gateway to a bazaar.
 42846 | Bazaar   | Entered a bazaar
 42847 | Bazaar   | Found Huimai's Antique Armour Shop.
 42856 | Bazaar   | Found Cogianemy's Armour Shoppe.
 42875 | Bazaar   | Found Hucaowe's Armour Shop.
 42891 | Bazaar   | Found Eqoeh's Jewellery Boutique.
 42899 | Bazaar   | Bought an uncursed ring of protection from cold for 325
                  | gold pieces
 43555 | Vaults:2 | Reached ****** piety under Trog
 43697 | Vaults:2 | Received a gift from Trog
 43927 | Vaults:3 | Found Cotasche's Assorted Antiques.
 44321 | Vaults:3 | Noticed Nikola
 44335 | Vaults:3 | Killed Nikola
 44363 | Vaults:3 | Gained mutation: Your skin changes colour to match your
                  | surroundings (Stealth+). [potion of mutation]
 44363 | Vaults:3 | Gained mutation: You are partially covered in molten
                  | scales. (AC +2) [potion of mutation]
 44565 | Vaults:3 | Noticed Mennas
 44598 | Vaults:3 | Killed Mennas
 45489 | Vaults:3 | Received a gift from Trog
 45736 | Vaults:3 | Noticed Aizul
 45756 | Vaults:3 | Killed Aizul
 45756 | Vaults:3 | Reached XP level 21. HP: 145/166 MP: 38/38
 45783 | Vaults:3 | Found a staircase to the Crypt.
 46641 | Vaults:4 | Reached skill level 15 in Shields
 46773 | Vaults:4 | Received a gift from Trog
 47309 | Vaults:4 | Reached skill level 15 in Fighting
 47309 | Vaults:4 | Reached skill level 15 in Long Blades
 48370 | Elf:1    | Entered Level 1 of the Elven Halls
 48447 | Elf:1    | Reached skill level 15 in Invocations
 48781 | Elf:1    | Received a gift from Trog
 49649 | Elf:2    | Received a gift from Trog
 49686 | Elf:2    | Found a runed translucent gate.
 49686 | Elf:2    | Found a runed translucent gate.
 49686 | Elf:2    | Found a runed translucent gate.
 50263 | Shoals:4 | Bought a shimmering chain mail for 399 gold pieces
 50264 | Shoals:4 | Identified the +5 chain mail "Vick" {rElec Stlth+} (You
                  | bought it in a shop on level 4 of the Shoals)
 50773 | Elf:3    | Entered Level 3 of the Elven Halls
 50809 | Elf:3    | Reached XP level 22. HP: 154/175 MP: 40/40
 51301 | Elf:3    | Received a gift from Trog
 51326 | Elf:3    | Identified the +5 battleaxe "Reskiux" {vorpal, MR+ SInv}
                  | (Trog gifted it to you on level 3 of the Elven Halls)
 51397 | Elf:3    | Found Ushrokk's Assorted Antiques.
 52597 | Elf:3    | Reached skill level 15 in Armour
 52597 | Elf:3    | Reached skill level 15 in Dodging
 52666 | Elf:3    | Acquired 4740 gold pieces
 53095 | Shoals:4 | Bought the +2 hood of the Assassin {Detection Stab+
                  | Stlth++} for 2520 gold pieces
 53095 | Shoals:4 | Found the +2 hood of the Assassin {Detection Stab+ Stlth++}
 53542 | Elf:3    | Gained mutation: You are weak. (Str -2) [a cacodemon]
 53685 | Elf:3    | Identified the +6 mace of Cas Tem {flame, Str+3 Int+6 SInv}
 53685 | Elf:3    | Identified a ring of the Octopus King {MP+9 AC+1 EV+1 Str+1
                  | Int+1 Dex+1}
 53867 | Elf:3    | Identified the +3 short sword of Eternal Vigilance {vorpal,
                  | rF- Str+3 Dex+10 Stlth+} (You found it on level 3 of the
                  | Elven Halls)
 53929 | Elf:3    | Identified the ring "Guibew" {+Fly Int+4 Dex+4} (You found
                  | it on level 3 of the Elven Halls)
 53944 | Elf:3    | Identified the cursed ring "Xoav Nae" {rF+ Dex+7 Slay-4}
                  | (You found it on level 3 of the Elven Halls)
 54263 | Orc:2    | Bought a potion of haste for 110 gold pieces
 54263 | Orc:2    | Bought a potion of haste for 110 gold pieces
 54265 | Orc:2    | Bought 2 potions of haste for 340 gold pieces
 54265 | Orc:2    | Bought 2 potions of invisibility for 272 gold pieces
 54294 | Orc:2    | Bought a glowing broad axe for 273 gold pieces
 54771 | Elf:2    | Received a gift from Trog
 55495 | D:15     | Killed DeepDeath's ghost
 55559 | Depths:1 | Entered Level 1 of the Depths
 55931 | Vaults:3 | Bought a scroll of identify for 86 gold pieces
 55931 | Vaults:3 | Bought a dazzling hunting sling for 279 gold pieces
 55931 | Vaults:3 | Bought a scroll of identify for 86 gold pieces
 55932 | Vaults:3 | Identified the +0 hunting sling of Darkness {freeze, rElec
                  | Str+5 Int-2 SInv} (You bought it in a shop on level 3 of
                  | the Vaults)
 56071 | Depths:1 | Found a gateway to Hell.
 56209 | Depths:1 | Reached XP level 23. HP: 183/183 MP: 41/41
 56475 | Depths:1 | Found Oceu's Gadget Boutique.
 56475 | Depths:1 | Found Ettuza's Jewellery Shoppe.
 56476 | Depths:1 | Found Vuoh's Jewellery Shoppe.
 56872 | Depths:2 | Received a gift from Trog
 57696 | Depths:2 | Found a gateway to a ziggurat.
 58321 | Depths:3 | Reached skill level 15 in Short Blades
 58321 | Depths:3 | Reached skill level 15 in Axes
 58321 | Depths:3 | Reached skill level 15 in Maces & Flails
 58321 | Depths:3 | Reached skill level 15 in Polearms
 58321 | Depths:3 | Reached skill level 15 in Staves
 58321 | Depths:3 | Reached skill level 15 in Slings
 58321 | Depths:3 | Reached skill level 15 in Bows
 58321 | Depths:3 | Reached skill level 15 in Crossbows
 58321 | Depths:3 | Reached skill level 15 in Throwing
 58321 | Depths:3 | Reached skill level 15 in Stealth
 58321 | Depths:3 | Reached skill level 15 in Unarmed Combat
 58321 | Depths:3 | Reached skill level 15 in Spellcasting
 58321 | Depths:3 | Reached skill level 15 in Evocations
 58379 | Depths:3 | Found a shadowy altar of Dithmenos.
 58872 | Depths:3 | Found a radiant altar of Vehumet.
 58872 | Depths:3 | Noticed Frederick
 58887 | Depths:3 | Killed Frederick
 58926 | Depths:3 | Received a gift from Trog
 58929 | Depths:3 | Identified the +8 flail "Masac" {flame, rF++ Str+4} (Trog
                  | gifted it to you on level 3 of the Depths)
 59256 | Depths:3 | Found the +2 robe of Vines {NoPotionHeal Regen+7}
 59767 | Depths:3 | Acquired a manual of Stealth
 60532 | Depths:4 | Found a one-way gate to the infinite horrors of the Abyss.
 60568 | Depths:4 | Reached XP level 24. HP: 167/191 MP: 42/42
 60874 | Depths:4 | Received a gift from Trog
 61306 | Depths:4 | Noticed Mara
 61753 | Depths:4 | Identified the cursed ring of Jitocaes {rN+ Int+5 Dex+2
                  | Slay-4}
 62015 | Depths:4 | Noticed a caustic shrike
 62038 | Depths:4 | Noticed DeepDeath's illusion
 62038 | Depths:4 | Killed a caustic shrike
 62053 | Depths:4 | Killed Mara
 62751 | Depths:4 | Received a gift from Trog
 63241 | Depths:1 | Bought the amulet "Keask" {RegenMP rN+ MR+} for 702 gold
                  | pieces
 63327 | Depths:5 | Entered Level 5 of the Depths
 63335 | Depths:5 | Found Tohoupsu's Antique Armour Emporium.
 63397 | Depths:5 | Bought a pair of slimy gloves for 332 gold pieces
 63397 | Depths:5 | Bought an ichor-stained scale mail for 315 gold pieces
 63397 | Depths:5 | Identified the +5 scale mail of Repulsion {rF+} (You bought
                  | it in a shop on level 5 of the Depths)
 63398 | Depths:5 | Identified the +1 pair of gloves of the Fiend {Dex-3
                  | Slay+5} (You bought it in a shop on level 5 of the Depths)
 63862 | Depths:5 | Reached XP level 25. HP: 182/200 MP: 42/42
 64021 | Depths:5 | Received a gift from Trog
 64557 | Depths:5 | Found a gate to the Realm of Zot.
 65502 | Elf:3    | Bought a scroll of enchant weapon for 277 gold pieces
 65502 | Elf:3    | Bought a scroll of enchant armour for 277 gold pieces
 65843 | Temple   | Entered the Ecumenical Temple
 66013 | Temple   | Fell from the grace of Trog
 66013 | Temple   | Became a worshipper of the Shining One
 66394 | Crypt:1  | Entered Level 1 of the Crypt
 66428 | Crypt:1  | Noticed Khufu
 66428 | Crypt:1  | Noticed a greater mummy
 66450 | Crypt:1  | Killed Khufu
 66695 | Crypt:1  | Reached * piety under the Shining One
 66919 | Crypt:1  | Noticed Margery
 66937 | Crypt:1  | Killed Margery
 66957 | Crypt:1  | Reached ** piety under the Shining One
 67407 | Crypt:1  | Identified the +9 falchion "Gidd" {drain, Int-5 Dex+6} (You
                  | found it on level 1 of the Crypt)
 67830 | Crypt:1  | Killed a greater mummy
 68121 | Crypt:2  | Noticed Saint Roka
 68167 | Crypt:2  | Killed Saint Roka
 68413 | Crypt:2  | Reached *** piety under the Shining One
 68806 | Crypt:2  | Reached **** piety under the Shining One
 68872 | Crypt:2  | Noticed Donald
 68897 | Crypt:2  | Killed Donald
 69457 | D:13     | Learned a level 2 spell: Swiftness
 69462 | D:13     | Learned a level 4 spell: Airstrike
 69785 | Elf:3    | Learned a level 1 spell: Apportation
 69787 | Elf:3    | Learned a level 1 spell: Summon Butterflies
 69791 | Elf:3    | Learned a level 3 spell: Tukima's Dance
 69797 | Elf:3    | Learned a level 5 spell: Lee's Rapid Deconstruction
 69804 | Elf:3    | Learned a level 6 spell: Freezing Cloud
 69811 | Elf:3    | Learned a level 6 spell: Iron Shot
 70327 | Crypt:3  | Entered Level 3 of the Crypt
 70476 | Crypt:3  | Reached ***** piety under the Shining One
 71609 | Crypt:3  | Found a runed translucent gate.
 71609 | Crypt:3  | Found a runed translucent gate.
 71610 | Crypt:3  | Found a runed translucent gate.
 71611 | Crypt:3  | Noticed yalue's ghost (adept MiFi)
 71983 | Crypt:3  | Found a staircase to the Tomb.
 72135 | Crypt:3  | Reached ****** piety under the Shining One
 72153 | Crypt:3  | Reached XP level 26. HP: 208/208 MP: 43/43
 72208 | Crypt:3  | Noticed Jory
 72217 | Crypt:3  | Killed Jory
 72908 | Crypt:3  | Found the +5 scythe "Finisher" {speed, eviscerate}
 72915 | Crypt:3  | Got a bound platinum ring
 72915 | Crypt:3  | Got a clouded amber ring
 72916 | Crypt:3  | Identified Tiuzet's Reference Book on Darkness
 72973 | Crypt:3  | Identified the ring of Ziloul {rF+ rN+} (You found it on
                  | level 3 of the Crypt)
 72974 | Crypt:3  | Identified the ring of Midnight {rElec rN+} (You found it
                  | on level 3 of the Crypt)
 73106 | Crypt:3  | Killed yalue's ghost
 73825 | D:14     | You paid a toll of +2 shadow dragon scales to enter a
                  | treasure trove
 73826 | Trove    | Entered a treasure trove
 73836 | Trove    | Got a clouded ruby amulet
 73840 | Trove    | Got a scorched steel ring
 73845 | Trove    | Got a heavily runed jade ring
 73853 | Trove    | Got a heavily runed turquoise ring
 73857 | Trove    | Got a bound crystal amulet
 73859 | Trove    | Got a heavily runed lapis lazuli ring
 73872 | Trove    | Identified the amulet "Baittah" {Regen+ SInv} (You found it
                  | in a treasure trove)
 73873 | Trove    | Identified the ring "Puqo" {rN+ Int+6} (You found it in a
                  | treasure trove)
 73879 | Trove    | Identified the ring of Hute {+Fly rPois rC+ Dex+2 Slay+4}
                  | (You found it in a treasure trove)
 73895 | Trove    | Identified the ring "Gileedd" {+Inv rCorr Str-4 Dex+3
                  | Slay+3} (You found it in a treasure trove)
 73896 | Trove    | Identified the amulet of Seponod {rElec rPois rF+ Regen+
                  | Dex-4} (You found it in a treasure trove)
 73897 | Trove    | Identified the ring of Hilosmu {rC+ MR+ rCorr Int+3 Stlth+}
                  | (You found it in a treasure trove)
 74242 | Vaults:5 | Entered Level 5 of the Vaults
 75454 | Vaults:4 | Learned a level 5 spell: Silence
 75699 | Vaults:4 | Learned a level 4 spell: Summon Lightning Spire
 75705 | Vaults:5 | Identified the +10 morningstar "Diud" {protect, MR+ Str+4
                  | Int+2}
 76002 | Vaults:5 | Identified the +6 lajatang of the Howling Moth {vorpal,
                  | rElec rF+ Dex+4 SInv}
 76190 | Vaults:5 | Reached XP level 27. HP: 190/217 MP: 43/43
 76303 | Vaults:5 | Got a silver rune of Zot
 76463 | Vaults:5 | Found the +1 cloak of Starlight {rElec rC+ EV+4 Stlth--}
 76769 | Vaults:5 | Found Fuongois's Distillery.
 77751 | Vaults:5 | Bought a potion of might for 48 gold pieces
 77751 | Vaults:5 | Bought a potion of might for 48 gold pieces
 77752 | Vaults:5 | Bought a potion of ambrosia for 96 gold pieces
 77752 | Vaults:5 | Bought a potion of mutation for 96 gold pieces
 77850 | Vaults:3 | Bought a potion of mutation for 344 gold pieces
 78026 | Depths:1 | Bought a wand of digging (5) for 360 gold pieces
 78026 | Depths:1 | Bought a wand of digging (5) for 360 gold pieces
 78359 | D:4      | Paralysed by Trog for 4 turns
 78363 | D:4      | Bought a phantom mirror for 360 gold pieces
 78363 | D:4      | Bought a phantom mirror for 360 gold pieces
 78864 | Zot:1    | Entered Level 1 of the Realm of Zot
 78885 | Zot:1    | Learned a level 6 spell: Ozocubu's Refrigeration
 80055 | Zot:2    | Reached skill level 15 in Conjurations
 80055 | Zot:2    | Reached skill level 15 in Hexes
 80055 | Zot:2    | Reached skill level 15 in Charms
 80055 | Zot:2    | Reached skill level 15 in Summonings
 80055 | Zot:2    | Reached skill level 15 in Necromancy
 80055 | Zot:2    | Reached skill level 15 in Translocations
 80055 | Zot:2    | Reached skill level 15 in Transmutations
 80055 | Zot:2    | Reached skill level 15 in Fire Magic
 80055 | Zot:2    | Reached skill level 15 in Ice Magic
 80055 | Zot:2    | Reached skill level 15 in Air Magic
 80055 | Zot:2    | Reached skill level 15 in Earth Magic
 80055 | Zot:2    | Reached skill level 15 in Poison Magic
 80606 | Zot:1    | Found a stormy altar of Qazlal.
 80606 | Zot:1    | Noticed an ancient lich
 80610 | Zot:1    | Killed an ancient lich
 80771 | Zot:1    | Identified the cursed +1 hand axe of the Shrike {venom,
                  | rElec MR+} (You found it on level 1 of the Realm of Zot)
 80934 | Zot:1    | Learned a level 5 spell: Bolt of Magma
 81110 | Zot:1    | Identified the +4 ice dragon scales of the Pirate {rF- rC++
                  | Str+5 Int-3 Dex+9} (You found it on level 1 of the Realm of
                  | Zot)
 81453 | Zot:3    | Noticed an orb of fire
 81473 | Zot:3    | Killed an orb of fire
 82558 | Zot:4    | Noticed an orb of fire
 82570 | Zot:4    | Gained mutation: Your spells are a little easier to cast,
                  | but a little less powerful. [an orb of fire]
 82585 | Zot:4    | Gained mutation: Your system is resistant to poisons.
                  | (rPois) [an orb of fire]
 82587 | Zot:4    | Killed an orb of fire
 83566 | Zot:5    | Entered Level 5 of the Realm of Zot
 83994 | Zot:5    | Was forgiven by Trog
 84199 | Zot:5    | Noticed an ancient lich
 84210 | Zot:5    | Killed an ancient lich
 84390 | Zot:5    | Noticed an orb of fire
 84392 | Zot:5    | Noticed an orb of fire
 84401 | Zot:5    | Noticed an orb of fire
 84408 | Zot:5    | Killed an orb of fire
 84409 | Zot:5    | Killed an orb of fire
 84412 | Zot:5    | Killed an orb of fire
 84420 | Zot:5    | Noticed an ancient lich
 84424 | Zot:5    | Killed an ancient lich
 84442 | Zot:5    | Noticed an ancient lich
 84446 | Zot:5    | Killed an ancient lich
 84461 | Zot:5    | Noticed an ancient lich
 84474 | Zot:5    | Killed an ancient lich
 85164 | Zot:5    | Got the Orb of Zot
 85366 | Depths:2 | Noticed a seraph
 85380 | Depths:2 | Killed a seraph
 85481 | D:14     | Noticed Quottuj the pandemonium lord
 85704 | D:6      | Noticed Mify Ikh the pandemonium lord
 85783 | D:4      | Noticed Jouty the pandemonium lord
 85792 | D:4      | Killed Jouty the pandemonium lord
 85878 | D:$      | Escaped with the Orb!

Illustrated notes

Levels and vault maps discovered:
D:1:      ncdulo_watergridlock, layout_rooms
D:2:      layout_basic, led_sif_pool
D:3:      layout_rooms
D:4:      layout_rooms, chequers_temple_overflow_minitemple, first_ration,
          serial_shops, nicolae_shop_trees, kennysheep_generic_room_13
D:5:      layout_loops_cross, nicolae_overflow_crystal_walls, temple_doors_ab,
          gup_sewer_entry_bowl, fedhas_ov_isle_minmay, uniq_menkaure,
          uniq_duvessa
D:6:      layout_cave_pools
D:7:      layout_rooms, xom_confusion_cloud
D:8:      layout_basic, serial_shops, shop_statue, hangedman_pestilent_swarm,
          moated_statue
D:9:      layout_loops_cross, uniq_grum
D:10:     layout_stronghold, gammafunk_ghost_berserking_beasts,
          onia_ninara_dug_in_and_dangerous, uniq_harold, uniq_urug,
          uniq_nergalle
D:11:     layout_rooms, erik_lair_orcish_takeover, serial_shops,
          nicolae_shop_crystal, basic_altar, uniq_maurice
D:12:     layout_cave_pools, hiddenorc1_lemuel, serial_column_ruins,
          column_ruins_grid_2, column_ruins_grid_1, column_ruins_grid_3,
          column_ruins_open_large, column_ruins_open_tiny, serial_shops,
          kennysheep_mini, minmay_strange_pillars, uniq_snorg
D:13:     layout_big_octagon, serial_shops, shop, grunt_potential
D:14:     layout_small_grid, david_vaults_1, serial_shops, shop,
          nicolae_trove_entry_diagonal
D:15:     grunt_enter_depths_giant_problem, layout_basic, ebering_ghost_xom,
          nicolae_two_hexagons
Temple:   regret_index_temple_sphere_string
Lair:1:   layout_hall_layers
Lair:2:   layout_big_grid, minmay_snake_entry_guardpost_small,
          chequers_serial_rivers_room_a
Lair:3:   beast_lair_carwin_large_2, layout_regular_city,
          nicolae_volcano_entry_s_turn, hibernation_bobbens
Lair:4:   layout_gridlike, minmay_shoals_entry_beasts, grunt_megastairs_4
Lair:5:   layout_hall_layers, st_stairs_10
Lair:6:   hangedman_lair_tendril_chambers, layout_big_grid, wormcave,
          slime_altar_1, minmay_lair_drake_nest
Shoals:1: layout_shoals, lemuel_oklob_altar, uniq_josephine
Shoals:2: cheibrodos_shoals_baths, layout_shoals,
          nicolae_shoals_dead_sea_scrolls
Shoals:3: layout_shoals, uniq_ilsuiw, uniq_polyphemus
Shoals:4: shoals_end_simple, layout_shoals, serial_shops, shop, uniq_louise
Snake:1:  layout_chambers, serial_bayou_shore_b
Snake:2:  layout_onion, serial_shops, nicolae_shop_statue_plus
Snake:3:  hangedman_cross_veins, layout_chambers, minmay_snake_pond,
          uniq_asterion
Snake:4:  minmay_snake_end_coiled, layout_cave_town, serial_bayou_shore_a
Orc:1:    layout_caves
Orc:2:    pf_orc_diabolical, layout_diamond_mine
Elf:1:    layout_geoelf_grid, hangedman_corner_corridor
Elf:2:    layout_geoelf_octagon
Elf:3:    minmay_elf_hall_hex, layout_gridlike, serial_shops, shop_fountains
Vaults:1: st_diamondy, v_alt_pattern_3, vaults_room_door_ring,
          nicolae_vaults_back_hallway, hangedman_vaults_capsules, v_misc_25,
          vaults_room_semicircle, nicolae_vaults_windows_and_doors_thing,
          v_misc_22, grunt_vaults_diagonal, v_alt_pattern_3,
          nicolae_vaults_little_squares_4, grunt_vaults_hallway_short,
          nicolae_vaults_angled_halls, vaults_dpeg_cross, vaults_dpeg_hooks,
          nicolae_vaults_network_barrier, v_pattern_2,
          nicolae_vaults_little_squares_4, layout_vaults_omnibox
Vaults:2: v_alt_pattern_4, ontoclasm_vaults_spin, vaults_room_boxed,
          nicolae_vaults_specimen_jars, hangedman_vaults_stagger,
          dpeg_vaults_monster_box, vaults_room_pools, v_misc_9,
          vaults_mumra_lcd, vaults_room_door_hall, v_misc_17,
          ontoclasm_vaults_hangar, vaults_dpeg_encased_lava,
          nicolae_vaults_diagonal_hallway_7, nicolae_vaults_diagonal_hallway_7,
          vaults_room_large_hall, grunt_vaults_hallway_short,
          layout_vaults_ring, serial_shops, bzr_entry_road
Vaults:3: ontoclasm_vaults_decontamination, v_misc_1, v_misc_10,
          ontoclasm_vaults_chip, vaults_mumra_hexcomb,
          vaults_standard_mumra_enter_the_diamond, blue_anna_dwarven_crypt,
          nicolae_vaults_big_ls, layout_vaults_quadrants, serial_shops, shop,
          uniq_aizul, uniq_nikola, uniq_mennas
Vaults:4: ontoclasm_vaults_misaligned, nicolae_vaults_triangles,
          nicolae_vaults_little_squares_3, v_alt_pattern_2,
          vaults_room_grunt_arrival_checkpoint, hangedman_vaults_impose,
          vaults_mumra_bighexcomb, nicolae_vaults_alarming,
          nicolae_vaults_little_squares_3, layout_vaults_big_room
Vaults:5
Crypt:1:  layout_misc_corridors, grunt_ministairs_1,
          chequers_hall_statues_corner_a, uniq_margery, uniq_khufu
Crypt:2:  layout_gridlike, small_statue_intersection, grunt_megastairs_3,
          uniq_donald, uniq_saint_roka
Crypt:3:  due_elkab, layout_chaotic_city, gammafunk_ghost_spectres,
          corner_web_ring, serial_sigils_hangedman_quiver
Depths:1: layout_forbidden_donut, hell_entry, hangedman_abyss_or_decor_stagger,
          st_stairs_4, solitary_fountain, nrook_mini_vaults, minmay_shop_grove,
          serial_bayou_shore_b
Depths:2: minmay_quantized_circle, layout_twisted_cross, enter_ziggurat_d,
          hell_entry, serial_glass, glass_columns_b, glass_columns_a,
          hangedman_decor_lopped, pan_entry
Depths:3: evilmike_halls_of_destruction, layout_long_grid, hell_entry,
          pan_entry, lemuel_statue_altar, bh_chokoban, minmay_parallelograms,
          minmay_orc_keep, infiniplex_staircase_diamond
Depths:4: hangedman_pleasuredromes, hell_entry, abyss_entry, uniq_mara
Depths:5: evilmike_zot_entry_basic, layout_gridlike, serial_shops, shop,
          hangedman_geh_valley, hex_tiny
Zot:1:    regret_index_qazlal_generations, layout_twisted_circle,
          skrybe_zot_glass_2
Zot:2:    layout_cathedral_of_symmetry
Zot:3:    layout_twisted_circle
Zot:4:    lemuel_firehouse, layout_cathedral_of_symmetry
Zot:5:    layout_twisted_circle, lemuel_golem_globe

Skill      XL: |  1  2  3  4  5  6  7  8  9 10 11 12 13 14 15 16 17 18 19 20 21 22 23 24 25 26 27 |
---------------+----------------------------------------------------------------------------------+-----
Short Blades   | 1 2 3 4 5 6 7 8 9 10 11 12 13 14 15 16 18 | 18.8
Axes           | 1 2 3 4 5 6 7 8 9 10 11 12 13 14 15 16 18 | 18.8
Maces & Flails | 1 2 3 4 5 6 7 8 9 10 11 12 13 14 15 16 18 | 18.8
Polearms       | 1 2 3 4 5 6 7 8 9 10 11 12 13 14 15 16 18 | 18.8
Staves         | 1 2 3 4 5 6 7 8 9 10 11 12 13 14 15 16 18 | 18.8
Slings         | 1 2 3 4 5 6 7 8 9 10 11 12 13 14 15 16 18 | 18.8
Bows           | 1 2 3 4 5 6 7 8 9 10 11 12 13 14 15 16 18 | 18.8
Crossbows      | 1 2 3 4 5 6 7 8 9 10 11 12 13 14 15 16 18 | 18.8
Throwing       | 1 2 3 4 5 6 7 8 9 10 11 12 13 14 15 16 18 | 18.8
Stealth        | 1 2 3 4 5 6 7 8 9 10 11 12 13 14 15 16 17 19 | 19.6
Shields        | 1 2 3 4 5 6 7 8 9 10 11 12 13 14 15 16 17 18 21 | 21.5
Unarmed Combat | 1 2 3 4 5 6 7 8 9 10 11 12 13 14 15 16 18 | 18.8
Spellcasting   | 1 2 3 4 5 6 7 8 9 10 11 12 13 14 15 16 18 | 18.8
Conjurations   | 1 2 3 4 5 6 7 8 9 10 11 12 13 14 16 | 16.3
Hexes          | 1 2 3 4 5 6 7 8 9 10 11 12 13 14 16 | 16.3
Charms         | 1 2 3 4 5 6 7 8 9 10 11 12 13 14 16 | 16.3
Summonings     | 1 2 3 4 5 6 7 8 9 10 11 12 13 14 16 | 16.3
Necromancy     | 1 2 3 4 5 6 7 8 9 10 11 12 13 14 16 | 16.3
Translocations | 1 2 3 4 5 6 7 8 9 10 11 12 13 14 16 | 16.3
Transmutations | 1 2 3 4 5 6 7 8 9 10 11 12 13 14 16 | 16.3
Fire Magic     | 1 2 3 4 5 6 7 8 9 10 11 12 13 14 16 | 16.3
Ice Magic      | 1 2 3 4 5 6 7 8 9 10 11 12 13 14 16 | 16.3
Air Magic      | 1 2 3 4 5 6 7 8 9 10 11 12 13 14 16 | 16.3
Earth Magic    | 1 2 3 4 5 6 7 8 9 10 11 12 13 14 16 | 16.3
Poison Magic   | 1 2 3 4 5 6 7 8 9 10 11 12 13 14 16 | 16.3
Invocations    | 1 2 3 4 5 6 7 8 9 10 11 12 13 14 15 16 17 18 20 | 20.2
Evocations     | 1 2 3 4 5 6 7 8 9 10 11 12 13 14 15 16 18 | 18.8
Armour         | 5 6 7 8 9 10 11 12 13 14 15 16 17 21 | 21.1
Dodging        | 5 6 7 8 9 10 11 12 13 14 15 16 17 19 | 19.2
Fighting       | 7 8 9 10 11 12 13 14 15 16 17 19 | 19.6
Long Blades    | 7 8 9 10 11 12 13 14 15 16 17 19 | 19.6

Action                   |  1- 3 |  4- 6 |  7- 9 | 10-12 | 13-15 | 16-18 | 19-21 | 22-24 | 25-27 || total
-------------------------+-------+-------+-------+-------+-------+-------+-------+-------+-------++-------
Melee: Falchion          |    65 |   116 |   424 |   252 |       |       |       |       |       ||   857
       Bite              |     9 |    13 |    79 |   144 |   281 |   224 |   238 |   277 |   516 ||  1781
       Punch             |       |       |    16 |    40 |    90 |    51 |       |       |       ||   197
       Short sword       |       |       |    32 |   138 |   166 |     2 |     2 |       |       ||   340
       Unarmed           |       |       |     3 |       |       |       |       |       |       ||     3
       Long sword        |       |       |       |   401 |   700 |       |       |       |       ||  1101
       Demon blade       |       |       |       |       |   374 |   677 |     3 |       |       ||  1054
       Scimitar          |       |       |       |       |       |   522 |  1145 |   996 |   633 ||  3296
       Battleaxe         |       |       |       |       |       |     5 |       |       |       ||     5
       Sacred scourge    |       |       |       |       |       |       |    44 |    35 |     5 ||    84
       Rapier            |       |       |       |       |       |       |     1 |    25 |     4 ||    30
       War axe           |       |       |       |       |       |       |       |   174 |    98 ||   272
       Mace              |       |       |       |       |       |       |       |    46 |       ||    46
       Eudemon blade     |       |       |       |       |       |       |       |       |   569 ||   569
       Katana            |       |       |       |       |       |       |       |       |  1042 ||  1042
Throw: Dart              |     4 |       |    77 |   131 |    44 |       |       |     1 |       ||   257
       Boomerang         |       |       |     3 |    17 |   319 |   479 |    86 |   103 |   222 ||  1229
       Throwing net      |       |       |     1 |       |     1 |     1 |       |       |     2 ||     5
       Javelin           |       |       |       |       |     6 |       |   198 |   105 |    61 ||   370
 Cast: Silence           |       |       |       |       |       |       |       |       |     2 ||     2
       Freezing Cloud    |       |       |       |       |       |       |       |       |    19 ||    19
       Bolt of Magma     |       |       |       |       |       |       |       |       |     2 ||     2
       Ozocubu's Refrige |       |       |       |       |       |       |       |       |     2 ||     2
       Lee's Rapid Decon |       |       |       |       |       |       |       |       |     1 ||     1
       Summon Lightning  |       |       |       |       |       |       |       |       |     1 ||     1
Invok: Trog's Hand       |       |     2 |     9 |    17 |    13 |    22 |     8 |    20 |       ||    91
       Berserk           |       |       |    13 |    16 |    13 |     7 |     1 |     2 |       ||    52
       Brothers in Arms  |       |       |       |       |       |       |       |     1 |       ||     1
       Divine Shield     |       |       |       |       |       |       |       |       |    28 ||    28
       Cleansing Flame   |       |       |       |       |       |       |       |       |     3 ||     3
       Summon Divine War |       |       |       |       |       |       |       |       |     3 ||     3
Evoke: Wand              |       |       |       |     9 |     7 |     9 |    14 |     5 |     9 ||    53
       Box of beasts     |       |       |       |       |       |       |     1 |       |       ||     1
       Tin of tremorston |       |       |       |       |       |       |     3 |     1 |       ||     4
       Lightning rod     |       |       |       |       |       |       |       |     4 |       ||     4
  Use: Potion            |     1 |       |     3 |     1 |    17 |     6 |     4 |     7 |    22 ||    61
       Scroll            |     2 |     5 |     6 |    15 |    18 |    14 |     6 |    17 |    38 ||   121
 Stab: Sleeping          |     2 |       |     3 |       |    19 |     7 |    31 |    52 |     4 ||   118
       Confused          |       |       |       |     2 |       |       |       |       |       ||     2
       Distracted        |       |       |       |     1 |     2 |     3 |     2 |     5 |       ||    13
       Invisible         |       |       |       |       |     5 |       |       |       |       ||     5
       Held in net/web   |       |       |       |       |       |     2 |       |       |       ||     2
  Eat: Chunk             |       |     4 |    23 |    40 |    30 |    22 |    25 |    24 |    15 ||   183
       Ration            |       |       |     1 |     3 |     6 |    11 |     7 |     8 |    21 ||    57
Armor: Animal skin       |     6 |       |       |       |       |       |       |       |       ||     6
       Leather armour    |     3 |    33 |    43 |       |       |       |       |       |       ||    79
       Scale mail        |       |       |   108 |   269 |   284 |       |       |       |       ||   661
       Chain mail        |       |       |       |       |    91 |   328 |   236 |   368 |   269 ||  1292
       Fire dragon scale |       |       |       |       |       |       |       |       |   224 ||   224
Dodge: Dodged            |    40 |    88 |   346 |   624 |  1094 |   860 |   565 |   871 |  1106 ||  5594
Block: Other             |       |       |       |   159 |       |       |       |       |       ||   159
       Reflection        |       |       |       |     3 |       |       |       |       |    44 ||    47
       Kite shield       |       |       |       |       |       |   264 |   238 |       |  1219 ||  1721
       Buckler           |       |       |       |       |       |       |   253 |   582 |   528 ||  1363
       Rpst.: Falchion   |    13 |    30 |    94 |    50 |       |       |       |       |       ||   187
       Long sword        |       |       |       |    87 |   159 |       |       |       |       ||   246
       Demon blade       |       |       |       |       |    88 |   114 |       |       |       ||   202
       Scimitar          |       |       |       |       |       |    42 |   108 |   125 |    41 ||   316
       Eudemon blade     |       |       |       |       |       |       |       |       |    45 ||    45
       Katana            |       |       |       |       |       |       |       |       |    68 ||    68
